 Dungeon Crawl Stone Soup version 0.28.0-45-g0d030f2227 (webtiles) character file.

Game seed: 5534201449744827662

62 CryoSword the Caller (level 4, -1/35 HPs)
             Began as a Ghoul Summoner on Apr 20, 2022.
             Slain by an orc wizard
             ... wielding a +0 dagger
              (3 damage)
             ... on level 3 of the Dungeon.
             The game lasted 00:02:07 (2285 turns).

CryoSword the Caller (Ghoul Summoner)               Turns: 2285, Time: 00:02:07

Health: -1/35      AC:  2    Str: 11    XL:     4   Next: 8%
Magic:  6/6        EV: 12    Int: 12    God:
Gold:   86         SH:  0    Dex:  9    Spells: 4/7 levels left

rFire   . . .      SeeInvis .   i - +0 spear
rCold   + . .      Faith    .   (no shield)
rNeg    + + +      Spirit   .   a - +0 robe
rPois   ∞          Reflect  .   (no helmet)
rElec   .          Harm     .   (no cloak)
rCorr   .          Rampage  .   (no gloves)
Will    .....                   (no boots)
Stlth   +.........              (no amulet)
HPRegen 0.00/turn               (no ring)
MPRegen 0.10/turn               (no ring)

@: confused, inhibited regen
A: claws 1, cold resistance 1, negative energy resistance 3, inhibited
regeneration, torment resistance 2
a: no special abilities


You were on level 3 of the Dungeon.
You visited 1 branch of the dungeon, and saw 3 of its levels.

You collected 86 gold pieces.

Inventory:

Hand Weapons
 i - a +0 spear (weapon)
   (You found it on level 2 of the Dungeon)
Missiles
 c - a throwing net
Armour
 a - a +0 robe (worn)
Scrolls
 b - a scroll of blinking {unknown}
 f - a scroll of enchant armour {unknown}
 g - a scroll of identify {unknown}
Potions
 d - a potion of heal wounds {unknown}
 e - a potion of brilliance {unknown}
 h - a potion of attraction {unknown}


   Skills:
 + Level 1.3 Fighting
 * Level 1.7 Polearms
 - Level 1.7 Dodging
 - Level 2.1 Stealth
 + Level 2.1 Spellcasting
 * Level 4.1 Summonings


You had 4 spell levels left.
You knew the following spells:

 Your Spells              Type           Power      Damage    Failure   Level
a - Summon Small Mammal   Summ           44%        N/A       4%          1
b - Call Imp              Summ           11%        N/A       8%          2

Your spell library contained the following spells:

 Spells                   Type           Power      Damage    Failure   Level
 Call Canine Familiar     Summ           11%        N/A       16%         3
 Pain                     Necr           4%         1d4       26%         1
 Summon Guardian Golem    Hex/Summ       6%         N/A       34%         3
 Corpse Rot               Necr/Air       2%         N/A       38%         2
 Poisonous Vapours        Pois/Air       2%         N/A       38%         2
 Summon Lightning Spire   Summ/Air       6%         N/A       75%         4
 Agony                    Necr           1%         N/A       100%        5
 Excruciating Wounds      Necr           0%         N/A       100%        5


Dungeon Overview and Level Annotations

Branches:
Dungeon (3/15)

Altars:


Innate Abilities, Weirdness & Mutations

You thrive by killing the living.
You are immune to poison.
You have sharp fingernails.
Your flesh is cold resistant. (rC+)
You are immune to negative energy. (rN+++)
You do not regenerate when monsters are visible.
You are immune to unholy pain and torment.


Message History

The kobold hits your bat but does no damage.
Your bat barely misses the kobold.
Your crimson imp closely misses the kobold.
You hit the kobold but do no damage. Your bat misses the kobold.
The kobold barely misses you.
Your crimson imp barely misses the kobold.
You hit the kobold.
You kill the kobold!
No target in view!
No target in view!
No target in view!
No target in view!
Your bat disappears in a puff of smoke!
Things that are here:
a +0 dagger; 4 stones; a +0 club Your crimson imp disappears in a puff of smoke!
You now have 80 gold pieces (gained 17).
Things that are here:
a +0 dagger; 4 stones; a +0 club Key pressed, stopping explore.
A quokka comes into view.
A quokka is nearby!
A quokka is nearby!
A beastly little devil appears in a puff of frigid air.
You hit the quokka. The quokka closely misses you.
Your rat bites the quokka but does no damage.
You hit the quokka.
The quokka bites you but does no damage.
The quokka barely misses you.
Your white imp closely misses the quokka.
Your rat barely misses the quokka.
You hit the quokka.
You kill the quokka!
No target in view!
Your white imp disappears in a puff of smoke!
Your rat disappears in a puff of smoke!
You see here a quokka corpse.
You now have 86 gold pieces (gained 6).
Key pressed, stopping explore.
There is a stone staircase leading up here.
You see here a +0 chain mail.
Done exploring.
Done exploring.
Done exploring.
There is a stone staircase leading down here.
You climb downwards.
There is a stone staircase leading up here.
A rat comes into view.
A rat is nearby!
A rat is nearby!
A beastly little devil appears in a puff of flame.
You miscast Summon Small Mammal.
You are very lightly contaminated with residual magic.
Nothing appears to happen.
An adder comes into view.
The adder hisses angrily.
Your crimson imp completely misses the rat.
You reach to attack!
You closely miss the rat. The rat misses your crimson imp.
Your crimson imp hits the rat.
The rat dies!
You reach to attack!
You closely miss the adder.
The adder closely misses your crimson imp.
Your crimson imp barely misses the adder.
Your magical contamination has completely faded away.
You could not reach far enough!
The adder bites your crimson imp.
Your crimson imp completely misses the adder.
The adder barely misses your crimson imp.
You could not reach far enough!
Your crimson imp completely misses the adder.
The adder bites your crimson imp.
You reach to attack!
You hit the adder. The adder misses your crimson imp.
Your crimson imp blinks!
You reach to attack!
You hit the adder. The adder bites you but does no damage.
You hit the adder.
You kill the adder!
You have reached level 4!
You hear some strange, mumbled words.
Deactivating autopickup; reactivate with Ctrl-A.
You are confused.
Your crimson imp misses something.
You're too confused to move!
Something hits you.
You bump into the rock wall.
Your crimson imp hits something but does no damage.
Something hits you but does no damage.
You bump into the rock wall.
Your crimson imp disappears in a puff of smoke!
Something hits you.
You miss something. Something hits you.
You miss something. Your claw misses something.
You feel less confused.
An orc comes into view. It is wielding a +0 hand axe.
Something hits you.
You barely miss something. Something hits you but does no damage.
You barely miss something.
You hear some strange, mumbled words.
Something tries to affect you, but you resist.
You miss something.
You hear some strange, mumbled words.
Something tries to affect you, but you resist.
You closely miss something. Something hits you.
You closely miss something.
You hear some strange, mumbled words.
A puff of flame appears from out of thin air!
The puff of flame misses you.
You closely miss something. Something hits you.
You miss something.
You hear some strange, mumbled words.
You are confused.
You barely miss something. Something hits you.
* * * LOW HITPOINT WARNING * * *
You completely miss something. Something hits you but does no damage.
You completely miss something. Something hits you but does no damage.
You barely miss something. Something hits you but does no damage.
You closely miss something.
You hear some strange, mumbled words.
Something tries to affect you, but you resist.
You bump into the rock wall.
You hear some strange, mumbled words.
A magic dart appears from out of thin air!
The magic dart hits you.
* * * LOW HITPOINT WARNING * * *
You miss something.
You feel less confused. Something hits you.
* * * LOW HITPOINT WARNING * * *
You closely miss something.
You hear some strange, mumbled words.
You are confused.
Unknown command.
Unknown command.
You bump into the rock wall.
You hear some strange, mumbled words.
You are more confused.
You're too confused to move!
Something hits you but does no damage.
You're too confused to move!
You hear some strange, mumbled words.
You are more confused.
You bump into the rock wall.
Something hits you but does no damage.
Unknown command.
You're too confused to move!
Something hits you.
* * * LOW HITPOINT WARNING * * *
Unknown command.
You bump into the rock wall.
Something hits you.
* * * LOW HITPOINT WARNING * * *
Unknown command.
You barely miss something. Something hits you.
You die...

###########.##
#....@{.......
#.#######.....
#.# ... #.# .
#.#####.#######
#.............#
##########.##.#
####...#.#.#.#
#....#<.......


There were no monsters in sight!

Vanquished Creatures
  An adder (D:3)
  2 dart slugs
  4 endoplasms
  2 goblins
  4 kobolds
  2 quokkas
  6 bats
  3 frilled lizards (D:1)
  2 rats
26 creatures vanquished.

Vanquished Creatures (collateral kills)
  An adder (D:2)
  A worm (D:2)
  An endoplasm (D:2)
  A goblin (D:2)
  A hobgoblin (D:1)
  A quokka (D:2)
  A ball python (D:2)
  2 bats (D:2)
  3 rats
12 creatures vanquished.

Vanquished Creatures (others)
  A plant (D:2)
1 creature vanquished.

Grand Total: 39 creatures vanquished

Notes
Turn   | Place    | Note
-------+----------+-------------------------------------------
     0 | D:1      | CryoSword the Ghoul Summoner began the quest for the Orb.
     0 | D:1      | Reached XP level 1. HP: 14/14 MP: 2/2
   225 | D:1      | Reached XP level 2. HP: 19/22 MP: 0/3
   279 | D:1      | Learned a level 2 spell: Call Imp
   448 | D:1      | Reached skill level 1 in Polearms
  1195 | D:2      | Reached XP level 3. HP: 27/27 MP: 1/5
  1312 | D:2      | Reached skill level 1 in Fighting
  1331 | D:2      | Reached skill level 4 in Summonings
  2257 | D:3      | Reached XP level 4. HP: 35/35 MP: 3/6
  2285 | D:3      | Slain by an orc wizard

Illustrated notes

Levels and vault maps discovered:
D:1:      scummos_arrival_simple_fountains, layout_loops_corners, minmay_unequal
D:2:      layout_rooms, serial_forest, infiniplex_forest_clump_cross,
          infiniplex_forest_end_3, infiniplex_forest_clump_curved,
          infiniplex_forest_lined_4_way, infiniplex_forest_lined_1,
          infiniplex_forest_end_3, infiniplex_forest_clump_diagonal,
          infiniplex_forest_clump_tiny, infiniplex_forest_clump_long
D:3:      minmay_roachtagon, layout_loops_ring, serial_shops,
          nicolae_shop_crystal, grunt_ministairs_6,
          chequers_serial_rivers_micro_d, minmay_splitting_lines,
          uniq_crazy_yiuf_cottage

Skill      XL: |  1  2  3 |
---------------+----------+-----
Polearms       | 1 |  1.7
Spellcasting   | 2 |  2.1
Fighting       | 1 |  1.3
Summonings     | 4 |  4.1
Dodging        | |  1.7
Stealth        | |  2.1

Action                   |  1- 3 |  4- 6 || total
-------------------------+-------+-------++-------
Melee: Hand axe          |    58 |       ||    58
       Unarmed           |     5 |       ||     5
       Punch             |     1 |       ||     1
       Spear             |    32 |    17 ||    49
 Cast: Summon Small Mamm |    26 |       ||    26
       Call Imp          |    13 |       ||    13
 Stab: Sleeping          |     1 |       ||     1
       Distracted        |     1 |       ||     1
Armor: Robe              |    26 |     7 ||    33
Dodge: Dodged            |    59 |     1 ||    60
